Map: 포트 알렉산더 - 래더

Players

Solar - Winner!

  • Race: Zerg Zerg
  • Spawn Location: 5:00

Denver

  • Race: Zerg Zerg
  • Spawn Location: 11:00

Event: IEM Season 13: Katowice (2019)

VOD

Have the link to the VOD?

Description

Time

  • Played on: Feb. 26, 2019, 10:20 a.m.
  • Length: 5:59

All games in this series

Show
View Real Time Build Order
Export as new Build Order

Solar Zerg - Winner!

Build Orders: Hatch First 

Get SALT Encoding   

  12  0:01  Drone  
  13  0:13  Overlord  
  13  0:18  Drone  
  14  0:31  Drone x2  
  16  0:49  Hatchery  
  15  0:52  Drone  
  15  0:56  Drone  
  17  0:59  Drone  
  18  1:10  Extractor  
  17  1:15  Spawning Pool  
  17  1:18  Drone  
  17  1:23  Drone  
  18  1:28  Drone  
  19  1:39  Drone  
  20  1:51  Overlord  
  20  2:02  Queen x2, Zergling x2  
  20  2:03  Zergling x2  
  26  2:10  Metabolic Boost  
  26  2:13  Drone  
  26  2:15  Drone  
  28  2:23  Drone x2  
  30  2:37  Hatchery  
  30  2:41  Drone  
  30  2:42  Drone  
  31  2:46  Drone  
  31  2:49  Overlord  
  32  2:54  Drone  
  32  2:57  Drone  
  34  3:08  Zergling x2  
  34  3:09  Zergling x2  
  34  3:12  Zergling x10  
  40  3:13  Zergling x2  
  41  3:21  Roach Warren  
  41  3:23  Drone  
  41  3:24  Drone  
  42  3:29  Overlord  
  41  3:49  Zergling x2  
  41  3:52  Overlord  
  42  4:01  Roach  
  42  4:02  Roach x7  
  56  4:06  Queen  
  58  4:12  Overlord  
  58  4:14  Roach  
  60  4:18  Roach  
  61  4:25  Roach  
  61  4:27  Overlord  
  63  4:32  Roach  
  63  4:34  Zergling x8  
  63  4:36  Zergling x2  
  69  4:39  Zergling x2  
  69  4:44  Zergling x2  
  71  4:47  Overlord  
  71  4:49  Zergling x4  
  73  4:53  Zergling x4  
  73  4:54  Zergling x2  
  73  4:56  Zergling x2  
  76  5:00  Zergling x2  
  76  5:03  Zergling x2  
  76  5:04  Zergling x2  
  79  5:08  Zergling x2  
  79  5:09  Zergling x2  
  79  5:12  Zergling x2  
  79  5:16  Zergling x4  
  79  5:19  Zergling x6  
  82  5:23  Zergling x2  
  82  5:27  Zergling x2  
  82  5:28  Zergling x2  
  78  5:34  Zergling x2  
  79  5:37  Zergling x2  
  79  5:42  Zergling x2  
Show
View Real Time Build Order
Export as new Build Order

Denver Zerg 

Build Orders: Hatch First 

Get SALT Encoding   

  12  0:00  Drone  
  13  0:12  Overlord  
  13  0:18  Drone  
  14  0:31  Drone x2  
  16  0:49  Hatchery  
  15  0:53  Drone  
  15  0:56  Drone  
  17  1:00  Drone  
  18  1:10  Extractor  
  17  1:15  Spawning Pool  
  16  1:20  Drone  
  16  1:23  Drone  
  18  1:29  Drone  
  19  1:39  Drone  
  20  1:49  Drone  
  21  2:02  Drone x2  
  21  2:03  Queen x2  
  27  2:11  Overlord  
  27  2:13  Metabolic Boost  
  27  2:17  Drone  
  28  2:30  Zergling x2  
  28  2:31  Zergling x2  
  30  2:38  Hatchery  
  30  2:41  Drone  
  30  2:43  Drone  
  31  2:46  Zergling x2  
  31  2:47  Drone  
  33  2:55  Overlord  
  33  2:56  Drone  
  34  3:03  Baneling Nest  
  33  3:08  Zergling x2  
  33  3:15  Zergling x12  
  33  3:18  Drone  
  40  3:22  Overlord  
  40  3:25  Drone  
  41  3:33  Zergling x4  
  43  3:42  Queen  
  43  3:45  Drone x2  
  47  3:49  Baneling x2  
  47  3:50  Drone x4  
  51  3:57  Zergling x6  
  53  4:04  Drone x2  
  53  4:09  Extractor  
  53  4:11  Evolution Chamber  
  53  4:12  Drone x3  
  55  4:17  Overlord  
  54  4:26  Drone x3  
  54  4:27  Baneling x3  
  57  4:33  Overlord  
  57  4:36  Roach Warren  
  56  4:39  Drone x4  
  60  4:47  Overlord  
  60  4:49  Zergling x2  
  61  4:58  Zergling x12  
  65  5:03  Overlord  
  63  5:09  Overlord  
  60  5:18  Roach x7  
  60  5:21  Roach  
  72  5:24  Roach  
  72  5:27  Roach  
  71  5:29  Roach  
  71  5:33  Roach  
  71  5:35  Roach x2  
  78  5:42  Zergling x8  

Tags
 
Add a new tag
Caveats
  • Supply blocks, unpowered buildings, or Contaminate may cause inaccurate times.
  • Supply counts are checked every 10 seconds.